 Dungeon Crawl Stone Soup version 0.25-a0-489-g9ae84a01e3 (console) character file.

Game seed: 845577909518011276, levelgen mode: deterministic

5833 Kagalorn the Frost Mage (level 10, -8/81 HPs)
             Began as a Centaur Ice Elementalist on Feb 11, 2020.
             Was a Priest of Okawaru.
             Mangled by Harold
             ... wielding a +0 war axe
              (17 damage)
             ... on level 8 of the Dungeon.
             The game lasted 00:29:18 (10224 turns).

Kagalorn the Frost Mage (Centaur Ice Elementalist) Turns: 10224, Time: 00:29:19

Health: -8/81      AC:  5    Str: 11    XL:     10   Next: 51%
Magic:  15/22      EV: 13    Int: 17    God:    Okawaru [***...]
Gold:   244        SH:  0    Dex: 10    Spells: 21/25 levels left

rFire    . . .     SeeInvis .   a - +2 flail (venom)
rCold    . . .     Gourm    .   (no shield)
rNeg     . . .     Faith    .   C - +0 ring mail (curse)
rPois    .         Spirit   .   (no helmet)
rElec    .         Reflect  .   (no cloak)
rCorr    .         Harm     .   (no gloves)
MR       .....                  (no barding)
Stlth    ..........             (no amulet)
HPRegen  0.23/turn              M - +5 ring of evasion
MPRegen  0.18/turn              N - ring of wizardry

@: very quick
A: large, hooves 3, deformed body, speed 2, tough skin 3
a: Heroism, Renounce Religion


You were on level 8 of the Dungeon.
You worshipped Okawaru.
Okawaru was most pleased with you.
You were not hungry.

You visited 2 branches of the dungeon, and saw 9 of its levels.
You also visited: Ossuary.

You collected 431 gold pieces.
You spent 187 gold pieces at shops.

Inventory:

Hand Weapons
 a - a +2 flail of venom (weapon)
 b - a +4 shortbow
 w - a +0 trident
Missiles
 d - 182 arrows
 l - 24 poisoned darts (quivered)
 s - 2 curare-tipped darts
 u - 47 bolts
 v - 4 javelins
 U - 2 throwing nets
Armour
 i - a cursed +0 kite shield
 C - a cursed +0 ring mail (worn)
 K - a +2 leather armour of fire resistance
Magical Staves
 y - an uncursed staff of power
Jewellery
 M - a +5 ring of evasion (left hand)
 N - a ring of wizardry (right hand)
 S - an uncursed ring of see invisible
Wands
 n - a wand of flame (6)
 r - a wand of polymorph (14)
 x - a wand of iceblast (6)
 O - a wand of enslavement (14)
 P - a wand of random effects (19)
 Q - a wand of acid (6)
Scrolls
 e - 3 scrolls of enchant weapon {unknown}
 f - 2 scrolls of fog {unknown}
 h - a scroll of enchant armour {unknown}
 k - 10 scrolls of remove curse {unknown}
 o - a scroll of random uselessness {unknown}
 p - a scroll of blinking {unknown}
 t - 3 scrolls of magic mapping {unknown}
 A - 4 scrolls of teleportation {unknown}
 I - a scroll of amnesia {unknown}
Potions
 g - 2 potions of mutation
 j - a potion of cancellation {unknown}
 m - 4 potions of ambrosia
 q - 4 potions of agility
 z - 2 potions of might
 B - 3 potions of lignification
 D - a potion of magic
 E - a potion of heal wounds
 F - 2 potions of curing
 G - 3 potions of flight
 H - a potion of brilliance
 J - a potion of degeneration {unknown}
 L - a potion of resistance
 R - a potion of invisibility
 W - a potion of haste
Comestibles
 c - 10 rations


   Skills:
 - Level 5.1 Fighting
 - Level 1.3 Dodging
 - Level 1.1 Stealth
 * Level 5.7 Shields
 - Level 8.0 Spellcasting
 - Level 8.0 Ice Magic
 - Level 2.0 Invocations


You had 21 spell levels left.
You knew the following spells:

 Your Spells              Type           Power        Failure   Level  Hunger
a - Freeze                Ice            ####         1%          1    None
b - Frozen Ramparts       Ice            ####..       1%          3    #......

Your spell library contained the following spells:

 Spells                   Type           Power        Failure   Level  Hunger
 Ozocubu's Armour         Chrm/Ice       ###.....     6%          3    #......
 Hailstorm                Conj/Ice       ###.....     19%         4    ###....
 Summon Ice Beast         Ice/Summ       ###.....     19%         4    ###....


Dungeon Overview and Level Annotations

Branches:
Dungeon (8/15)             Temple (1/1) D:6         Ossuary (visited)
   Lair: D:8-11

Altars:
Ashenzari
Cheibriados
Dithmenos
Elyvilon
Fedhas
Gozag
Hepliaklqana
Kikubaaqudgha
Makhleb
Nemelex Xobeh
Okawaru
Qazlal
Ru
Sif Muna
Trog
Uskayaw
Vehumet
Wu Jian
Xom
Zin
The Shining One

Shops:
D:6 !

Annotations:
D:3 1 runed translucent door, Laze's ghost, weakling DrFE
D:8 Harold


Innate Abilities, Weirdness & Mutations

You have hooves in place of feet.
Armour fits poorly on your strangely shaped body.
You cover ground very quickly.
You have extremely tough skin. (AC +3)


Message History

* * * LOW HITPOINT WARNING * * *
You hear a shout!
Casting: Freeze (safe; 1% risk of failure)
Confirm with . or Enter, or press ? or * to list all spells.
Aiming: Freeze (safe; 1% risk of failure)
Press: ? - help, Shift-Dir - straight line, f/p - Harold
Aim: Harold, wielding a +0 war axe and wearing a +0 chain mail (severely wounded, very poisoned)
You freeze Harold.
Harold is severely wounded.
Harold hits you but does no damage.
Evoke which item? (* to show all) (? for menu, Esc to quit)
Aiming: Corrosive Bolt
Press: ? - help, Shift-Dir - straight line, f/p - Harold
Aim: Harold, wielding a +0 war axe and wearing a +0 chain mail (severely wounded, very poisoned)
The bolt of acid hits Harold but does no damage.
Harold is severely wounded.
You feel like a meek peon again.
You hear a shout!
Harold hits you with a +0 war axe!
You die...

F..()......#...#.#...........#
####...#..##.#.#.#...........#
#...#.......#.#........(..#
#####..F#.#.#.#...........####
#.....#.#.##############..
########.....###.# #..
.............).#.# #.#
##############)#.# ###
........#@########
........[.@.......
#########.........
########.........
.................
.F.......######## .........#
#...# ##
.........####...########.
............'...'......'.


You could see Harold.

Vanquished Creatures
  A two-headed ogre (D:8)
  Pikel (D:5)
  Joseph (D:8)
  A hungry ghost (D:7)
  2 wraiths (Ossuary)
  A phantom (D:8)
  2 black bears (D:8)
  An ice beast (D:6)
  A sky beast (D:7)
  2 orc warriors
  5 ogres
  7 centaurs
  A big kobold (D:8)
  Blork the orc (D:5)
  8 bullfrogs
  A wyvern zombie (D:8)
  5 scorpions
  A wyvern skeleton (D:7)
  7 wights
  2 howler monkeys
  3 crimson imps
  A quasit (D:7)
  3 hounds
  A jelly (D:5)
  2 orc priests
  3 iguanas
  3 orc wizards (D:6)
  6 worker ants
  A killer bee zombie (D:6)
  A hound zombie (D:6)
  A worker ant zombie (D:5)
  A howler monkey skeleton (D:4)
  4 gnolls (D:8)
  14 adders
  A shadow imp (D:5)
  An adder zombie (Ossuary)
  4 worms
  6 dart slugs (D:1)
  7 leopard geckos
  25 orcs
  2 ball pythons
  6 bats
  6 giant cockroaches
  7 hobgoblins
  15 jackals
  13 kobolds
  3 quokkas
  A ball python skeleton (Ossuary)
  6 frilled lizards
  6 goblins
  A hobgoblin skeleton (Ossuary)
  A hobgoblin zombie (Ossuary)
  2 kobold zombies (Ossuary)
  An orc skeleton (Ossuary)
  2 orc zombies (Ossuary)
  3 quokka skeletons
  15 rats
229 creatures vanquished.

Vanquished Creatures (others)
  A quasit (D:5)
  4 toadstools (D:1)
5 creatures vanquished.

Grand Total: 234 creatures vanquished

Notes
Turn   | Place    | Note
-------+----------+-------------------------------------------
     0 | D:1      | Kagalorn the Centaur Ice Elementalist began the quest for
                  | the Orb.
     0 | D:1      | Reached XP level 1. HP: 14/14 MP: 3/3
   116 | D:1      | Reached XP level 2. HP: 20/20 MP: 4/4
   565 | D:1      | Reached XP level 3. HP: 20/26 MP: 0/5
  1394 | D:2      | Reached skill level 5 in Ice Magic
  1520 | D:2      | Reached XP level 4. HP: 27/33 MP: 0/6
  1649 | D:2      | Learned a level 3 spell: Frozen Ramparts
  2166 | D:3      | Reached XP level 5. HP: 38/38 MP: 2/7
  2587 | D:3      | Found a faded altar of an unknown god.
  2653 | D:3      | Found a runed translucent door.
  2658 | D:3      | Noticed Laze's ghost (weakling DrFE)
  2941 | D:4      | Reached XP level 6. HP: 43/46 MP: 4/8
  2967 | D:4      | HP: 3/69 [poisoned by an adder]
  2973 | D:4      | HP: 2/69 [poisoned by an adder]
  2981 | D:4      | HP: 2/69 [poisoned by an adder]
  3535 | D:4      | Reached skill level 1 in Fighting
  3595 | D:5      | Entered Level 5 of the Dungeon
  3809 | D:5      | Noticed Blork the orc
  3827 | D:5      | Reached XP level 7. HP: 44/52 MP: 2/10
  3830 | D:5      | Killed Blork the orc
  3830 | D:5      | Reached skill level 1 in Shields
  4275 | D:5      | Noticed Pikel
  4283 | D:5      | Killed Pikel
  4283 | D:5      | Reached XP level 8. HP: 52/61 MP: 1/14
  5030 | D:6      | Reached skill level 5 in Spellcasting
  5253 | D:6      | Found Ymoofuz's Distillery.
  5269 | D:6      | Bought a potion of lignification for 33 gold pieces
  5269 | D:6      | Bought a potion of curing for 33 gold pieces
  5269 | D:6      | Bought a potion of might for 44 gold pieces
  5269 | D:6      | Bought a potion of flight for 33 gold pieces
  5269 | D:6      | Bought a potion of brilliance for 44 gold pieces
  5806 | D:6      | Reached XP level 9. HP: 55/70 MP: 14/17
  5947 | D:6      | Found a staircase to the Ecumenical Temple.
  5951 | Temple   | Entered the Ecumenical Temple
  6115 | Temple   | Became a worshipper of Warmaster Okawaru
  6569 | D:7      | Reached skill level 1 in Invocations
  6574 | D:7      | Reached * piety under Okawaru
  6645 | D:7      | Found a sand-covered staircase.
  6722 | Ossuary  | Entered an ossuary
  7507 | D:7      | Found a sacrificial altar of Ru.
  7716 | D:7      | Reached ** piety under Okawaru
  8103 | D:7      | Reached XP level 10. HP: 53/80 MP: 17/21
  8745 | D:8      | Reached skill level 5 in Fighting
  8817 | D:8      | Noticed Harold
  9194 | D:8      | Noticed Joseph
  9210 | D:8      | Killed Joseph
  9874 | D:8      | Noticed a two-headed ogre
  9897 | D:8      | Killed a two-headed ogre
  9897 | D:8      | Reached *** piety under Okawaru
  9897 | D:8      | Reached skill level 5 in Shields
 10224 | D:8      | Mangled by Harold

Levels and vault maps discovered:
D:1:      ldierk_water_garden, layout_basic
D:2:      layout_loops_ring
D:3:      layout_rooms, first_ration, chequers_ecumenical_altar_lobes,
          ebering_ghost_reflecting_pool, dk_noncrumbling_2
D:4:      layout_cave_pools
D:5:      layout_loops_corners, uniq_pikel, uniq_blork_the_orc
D:6:      layout_rooms, temple_statues, serial_shops, shop
D:7:      layout_gridville, nicolae_ossuary_entry_plus, lemuel_centaur_altar
D:8:      layout_basic, yredelemnul_forgotten_temple_becter, uniq_joseph,
          uniq_harold
Temple:   kilobyte_greek_temple

Skill      XL: |  1  2  3  4  5  6  7  8  9 10 |
---------------+-------------------------------+-----
Ice Magic      | 4 5 6 7 8 |  8.0
Spellcasting   | 2 4 5 7 8 |  8.0
Fighting       | 1 2 3 4 5 |  5.1
Shields        | 1 2 3 5 |  5.7
Invocations    | 2 |  2.0
Dodging        | |  1.3
Stealth        | |  1.1

Action                   |  1- 3 |  4- 6 |  7- 9 | 10-12 || total
-------------------------+-------+-------+-------+-------++-------
Melee: Unarmed           |    57 |   111 |       |       ||   168
       Kick              |    11 |    27 |    35 |    17 ||    90
       Trident           |       |    20 |   235 |    80 ||   335
       Flail             |       |       |       |    18 ||    18
 Cast: Freeze            |    61 |    54 |    70 |    23 ||   208
       Frozen Ramparts   |       |     8 |    33 |    19 ||    60
Invok: Heroism           |       |       |       |     2 ||     2
Evoke: Wand              |       |       |       |     1 ||     1
  Use: Potion            |       |     1 |       |       ||     1
       Scroll            |       |       |     7 |     1 ||     8
 Stab: Sleeping          |     1 |       |       |       ||     1
  Eat: Chunk             |     3 |     7 |     9 |     3 ||    22
       Ration            |       |       |     2 |     1 ||     3
Armor: Robe              |    23 |    66 |     2 |       ||    91
       Skin              |       |     2 |       |       ||     2
       Ring mail         |       |       |    64 |    19 ||    83
Dodge: Dodged            |    41 |    90 |   176 |    78 ||   385

Table legend:
 A = Non-vault XP
 B = Vault XP
 C = Vault XP percentage of total XP
 D = Non-vault monster count
 E = Vault monster count
 F = Vault count percentage of total count
                 A         B        C        D         E       F
            +---------+---------+-------+---------+---------+-------
      Total |    6104 |    2229 |  26.7 |     209 |      21 |   9.1
            +---------+---------+-------+---------+---------+-------
        D:1 |      67 |       0 |   0.0 |      32 |       0 |   0.0
        D:2 |      92 |       0 |   0.0 |      23 |       0 |   0.0
        D:3 |     141 |       0 |   0.0 |      29 |       0 |   0.0
        D:4 |     317 |       0 |   0.0 |      12 |       0 |   0.0
        D:5 |     731 |     723 |  49.7 |      16 |       2 |  11.1
        D:6 |     971 |       0 |   0.0 |      39 |       0 |   0.0
        D:7 |    1566 |     454 |  22.5 |      18 |       4 |  18.2
        D:8 |    2219 |     450 |  16.9 |      40 |       1 |   2.4
    Ossuary |       0 |     602 | 100.0 |       0 |      14 | 100.0
            +---------+---------+-------+---------+---------+-------
